SA
NEBRASKA PLAINSMEN @ GALESBURG GUZZLERS
09/02/2024
 
TOP OF THE 1ST
Nebraska Plainsmen batting - Pitching for Galesburg Guzzlers : LHP Gabriel Valenzuela
Pitching: LHP Gabriel Valenzuela
Batting: RHB George St. Clair 0-0: Called Strike
0-1: Swinging Strike
0-2: Foul Ball, location: 2F
0-2: Foul Ball, location: 2F
0-2: Ball
1-2: Strikes out looking
Batting: RHB Luis Aragón 0-0: Ball
1-0: Ground out 5-3 (Groundball, 5)
Batting: RHB Bob Barlow 0-0: Called Strike
0-1: Called Strike
0-2: Ball
1-2: Strikes out swinging
Top of the 1st over - 0 run(s), 0 hit(s), 0 error(s), 0 left on base; Nebraska 0 - Galesburg 0
BOTTOM OF THE 1ST
Galesburg Guzzlers batting - Pitching for Nebraska Plainsmen : RHP Sam Groves
Pitching: RHP Sam Groves
Batting: RHB Roland Deschain 0-0: Ball
1-0: Swinging Strike
1-1: Ground out 1-3 (Groundball, 15)
Batting: LHB Gabriel Díaz 0-0: Ball
1-0: Foul Ball, location: 2F
1-1: Swinging Strike
1-2: Strikes out swinging
Batting: RHB Grady Walkinshaw 0-0: Called Strike
0-1: Ball
1-1: Ball
2-1: Ground out 5-3 (Groundball, 5S)
Bottom of the 1st over - 0 run(s), 0 hit(s), 0 error(s), 0 left on base; Nebraska 0 - Galesburg 0
TOP OF THE 2ND
Nebraska Plainsmen batting - Pitching for Galesburg Guzzlers : LHP Gabriel Valenzuela
Batting: RHB Carl Wheezer 0-0: Ball
1-0: Hit by Pitch
Batting: RHB Mike Taylor 0-0: Foul Ball, location: 2F
0-1: Ball
1-1: Ball
2-1: Foul Ball, location: 2F
2-2: Strikes out looking
Batting: RHB Lorenzo Ruíz 0-0: Ball
1-0: Foul Ball, location: 2F
1-1: Grounds into double play, 3-6-1 (Groundball, 3)
Top of the 2nd over - 0 run(s), 0 hit(s), 0 error(s), 0 left on base; Nebraska 0 - Galesburg 0
BOTTOM OF THE 2ND
Galesburg Guzzlers batting - Pitching for Nebraska Plainsmen : RHP Sam Groves
Batting: RHB Fernando Rivera 0-0: Called Strike
0-1: Swinging Strike
0-2: Ball
1-2: Strikes out swinging
Batting: RHB Bubba Blevins 0-0: SINGLE (Groundball, 6M)
Batting: LHB John Ennis 0-0: Foul Ball, location: 2F
0-1: Ball
1-1: Swinging Strike
1-2: Ball
2-2: Strikes out looking
Batting: RHB Gabrio Campoverde 0-0: Fly out, F5 (Popup, 25F)
Bottom of the 2nd over - 0 run(s), 1 hit(s), 0 error(s), 1 left on base; Nebraska 0 - Galesburg 0
TOP OF THE 3RD
Nebraska Plainsmen batting - Pitching for Galesburg Guzzlers : LHP Gabriel Valenzuela
Batting: RHB Levi Tess 0-0: Ball
1-0: Ball
2-0: Ball
3-0: Base on Balls
Batting: RHB Jorge Salgado 0-0: Ball
1-0: Ball
2-0: SINGLE (Groundball, 56D)
Levi Tess to second
Batting: LHB Sisto Pagnamenta 0-0: Ball
1-0: Called Strike
1-1: Ball
2-1: Called Strike
2-2: Foul Ball, location: 2F
2-2: Ball
3-2: Strikes out looking
Batting: RHB George St. Clair 0-0: Swinging Strike
0-1: SINGLE (Line Drive, 6M)
Levi Tess to third
Jorge Salgado to second
Runner from 3rd tries for Home, SAFE, throw made home
Jorge Salgado to third
George St. Clair to second
Now in CF: José Díaz
Batting: RHB Luis Aragón 0-0: Swinging Strike
0-1: SINGLE (Flyball, 89S)
Jorge Salgado scores
George St. Clair to third
Runner from 3rd tries for Home, SAFE, no throw or cutoff
Batting: RHB Bob Barlow 0-0: Foul Ball, location: 2F
0-1: Ball
1-1: Fly out, F4 (Popup, 34D)
Batting: RHB Carl Wheezer 0-0: Called Strike
0-1: Ball
1-1: SINGLE (Groundball, 4MD)
Luis Aragón to second
Runner from 2nd tries for 3rd, SAFE, no throw or cutoff
Batting: RHB Mike Taylor 0-0: Called Strike
0-1: Called Strike
0-2: Ball
1-2: SINGLE (Groundball, 34)
Luis Aragón scores
Carl Wheezer to second
Runner from 2nd tries for 3rd, SAFE, no throw or cutoff
Batting: RHB Lorenzo Ruíz 0-0: Called Strike
0-1: Foul Ball, location: 2F
0-2: Ball
1-2: Ball
2-2: Fly out, F8 (Flyball, 8RM)
Top of the 3rd over - 4 run(s), 5 hit(s), 0 error(s), 2 left on base; Nebraska 4 - Galesburg 0
BOTTOM OF THE 3RD
Galesburg Guzzlers batting - Pitching for Nebraska Plainsmen : RHP Sam Groves
Batting: RHB Carlos Cardona 0-0: Ball
1-0: Fly out, F8 (Flyball, 8LM)
Batting: RHB José Díaz 0-0: Ground out 5-3 (Groundball, 5S)
Batting: RHB Roland Deschain 0-0: SINGLE (Line Drive, 9S)
Batting: LHB Gabriel Díaz 0-0: Called Strike
Roland Deschain steals 2nd base
0-1: Foul Ball, location: 2F
0-2: Foul Ball, location: 2F
0-2: SINGLE (Groundball, 4MD)
Roland Deschain to third
Runner from 3rd tries for Home, SAFE, no throw or cutoff
Batting: RHB Grady Walkinshaw 0-0: Ball
1-0: Called Strike
1-1: Ball
2-1: Called Strike
2-2: SINGLE (Groundball, 3D)
Gabriel Díaz to second
Gabriel Díaz to third
Batting: RHB Fernando Rivera 0-0: Ball
1-0: Ball
2-0: SINGLE (Groundball, 56)
Gabriel Díaz scores
Grady Walkinshaw to second
Batting: RHB Bubba Blevins 0-0: Ball
1-0: Swinging Strike
1-1: Ball
2-1: Foul Ball, location: 2F
2-2: Ball
3-2: Foul Ball, location: 2F
3-2: Strikes out swinging
Bottom of the 3rd over - 2 run(s), 4 hit(s), 0 error(s), 2 left on base; Nebraska 4 - Galesburg 2
TOP OF THE 4TH
Nebraska Plainsmen batting - Pitching for Galesburg Guzzlers : LHP Gabriel Valenzuela
Batting: RHB Levi Tess 0-0: Ball
1-0: Ground out 6-3 (Groundball, 6)
Batting: RHB Jorge Salgado 0-0: Foul Ball, location: 2F
0-1: Foul Ball, location: 2F
0-2: Strikes out looking
Batting: LHB Sisto Pagnamenta 0-0: Ball
1-0: Called Strike
1-1: Ball
2-1: Foul Ball, location: 2F
2-2: Ball
3-2: Base on Balls
Batting: RHB George St. Clair 0-0: Ball
1-0: Called Strike
1-1: Fielders Choice at 2nd, 6-4 (Groundball, 6)
Top of the 4th over - 0 run(s), 0 hit(s), 0 error(s), 0 left on base; Nebraska 4 - Galesburg 2
BOTTOM OF THE 4TH
Galesburg Guzzlers batting - Pitching for Nebraska Plainsmen : RHP Sam Groves
Batting: LHB John Ennis 0-0: Swinging Strike
0-1: Called Strike
0-2: Ball
1-2: Foul Ball, location: 2F
1-2: Ball
2-2: Foul Ball, location: 2F
2-2: Foul Ball, location: 2F
2-2: Ball
3-2: Foul Ball, location: 2F
3-2: Strikes out swinging
Batting: RHB Gabrio Campoverde 0-0: Ball
1-0: Called Strike
1-1: SINGLE (Line Drive, 7LS)
Batting: RHB Carlos Cardona 0-0: Ball
1-0: Called Strike
1-1: Called Strike
1-2: Strikes out swinging
Batting: RHB José Díaz Pickoff Throw to First - Error! E1
Gabrio Campoverde to second
0-0: Called Strike
0-1: Foul Ball, location: 2F
0-2: Ball
1-2: Ball
2-2: Strikes out swinging
Bottom of the 4th over - 0 run(s), 1 hit(s), 1 error(s), 1 left on base; Nebraska 4 - Galesburg 2
TOP OF THE 5TH
Nebraska Plainsmen batting - Pitching for Galesburg Guzzlers : LHP Gabriel Valenzuela
Batting: RHB Luis Aragón 0-0: Swinging Strike
0-1: Ball
1-1: Called Strike
1-2: Ball
2-2: Ball
3-2: Ground out 6-3 (Groundball, 6)
Batting: RHB Bob Barlow 0-0: Called Strike
0-1: Foul Ball, location: 2F
0-2: Ground out 5-3 (Groundball, 56)
Batting: RHB Carl Wheezer 0-0: Ground out 6-3 (Groundball, 6M)
Top of the 5th over - 0 run(s), 0 hit(s), 0 error(s), 0 left on base; Nebraska 4 - Galesburg 2
BOTTOM OF THE 5TH
Galesburg Guzzlers batting - Pitching for Nebraska Plainsmen : RHP Sam Groves
Batting: RHB Roland Deschain 0-0: Called Strike
0-1: Called Strike
0-2: Ball
1-2: Strikes out looking
Batting: LHB Gabriel Díaz 0-0: Ball
1-0: Foul Ball, location: 2F
1-1: Called Strike
1-2: Ball
2-2: Ball
3-2: SINGLE (Line Drive, 56D)
Batting: RHB Grady Walkinshaw 0-0: Called Strike
0-1: Ball
1-1: Ground out 5-3 (Groundball, 56S)
Gabriel Díaz to second
Batting: RHB Fernando Rivera 0-0: Ground out 6-3 (Groundball, 5)
Bottom of the 5th over - 0 run(s), 1 hit(s), 0 error(s), 1 left on base; Nebraska 4 - Galesburg 2
TOP OF THE 6TH
Nebraska Plainsmen batting - Pitching for Galesburg Guzzlers : LHP Gabriel Valenzuela
Batting: RHB Mike Taylor 0-0: Ball
1-0: Ball
2-0: Ball
3-0: Called Strike
3-1: Foul Ball, location: 2F
3-2: Foul Ball, location: 2F
3-2: Base on Balls
Batting: RHB Lorenzo Ruíz 0-0: Bunted foul
0-1: Sac Bunt - play at second, runner safe!
Batting: RHB Levi Tess 0-0: Bunt - Flyout! F2
Batting: RHB Jorge Salgado 0-0: DOUBLE (Flyball, 9LM)
Mike Taylor scores
Lorenzo Ruíz to third
Batting: LHB Sisto Pagnamenta 0-0: Called Strike
0-1: Swinging Strike
0-2: Ball
1-2: Ball
2-2: Strikes out looking
Batting: RHB George St. Clair 0-0: Ball
1-0: Ball
2-0: Ball
3-0: Base on Balls
Batting: RHB Luis Aragón 0-0: Ball
1-0: Ball
2-0: Called Strike
2-1: Foul Ball, location: 2F
2-2: Ball
3-2: Base on Balls
Lorenzo Ruíz scores
Jorge Salgado to third
George St. Clair to second
Pitching: RHP Jim Unknown
Batting: RHB Bob Barlow 0-0: Ball
1-0: Called Strike
1-1: Fly out, F6 (Line Drive, 6)
Top of the 6th over - 2 run(s), 1 hit(s), 0 error(s), 3 left on base; Nebraska 6 - Galesburg 2
BOTTOM OF THE 6TH
Galesburg Guzzlers batting - Pitching for Nebraska Plainsmen : RHP Sam Groves
Batting: RHB Bubba Blevins 0-0: Foul Ball, location: 2F
0-1: Foul Ball, location: 2F
0-2: Ball
1-2: Fly out, F9 (Popup, 9S)
Batting: LHB John Ennis 0-0: Foul Ball, location: 2F
0-1: Ball
1-1: Ground out U3 (Groundball, 3S)
Batting: RHB Gabrio Campoverde 0-0: Swinging Strike
0-1: Swinging Strike
0-2: Strikes out swinging
Bottom of the 6th over - 0 run(s), 0 hit(s), 0 error(s), 0 left on base; Nebraska 6 - Galesburg 2
TOP OF THE 7TH
Nebraska Plainsmen batting - Pitching for Galesburg Guzzlers : RHP Jim Unknown
Batting: RHB Carl Wheezer 0-0: Ball
1-0: Ball
2-0: Ball
3-0: Called Strike
3-1: Called Strike
3-2: Base on Balls
Batting: RHB Mike Taylor 0-0: Swinging Strike
0-1: Foul Ball, location: 2F
0-2: Foul Ball, location: 2F
0-2: Ball
1-2: Strikes out swinging
Batting: RHB Lorenzo Ruíz 0-0: Grounds into double play, 1-4-3 (Groundball, 15)
Top of the 7th over - 0 run(s), 0 hit(s), 0 error(s), 0 left on base; Nebraska 6 - Galesburg 2
BOTTOM OF THE 7TH
Galesburg Guzzlers batting - Pitching for Nebraska Plainsmen : RHP Sam Groves
Batting: RHB Carlos Cardona 0-0: Called Strike
0-1: Ball
1-1: Foul Ball, location: 2F
1-2: DOUBLE (Flyball, 89M)
Batting: RHB José Díaz 0-0: Ball
1-0: Ground out 6-3 (Groundball, 6M)
Carlos Cardona to third
Batting: RHB Roland Deschain 0-0: Ground out 6-3 (Groundball, 6)
Carlos Cardona scores
Batting: LHB Gabriel Díaz 0-0: SINGLE (Line Drive, 34)
Batting: RHB Grady Walkinshaw 0-0: Ball
1-0: SINGLE (Line Drive, 7LS)
Gabriel Díaz to second
Batting: RHB Fernando Rivera 0-0: Ground out 6-3 (Groundball, 6)
Bottom of the 7th over - 1 run(s), 3 hit(s), 0 error(s), 2 left on base; Nebraska 6 - Galesburg 3
TOP OF THE 8TH
Nebraska Plainsmen batting - Pitching for Galesburg Guzzlers : RHP Jim Unknown
Batting: RHB Levi Tess 0-0: Ball
1-0: Foul Ball, location: 2F
1-1: Foul Ball, location: 2F
1-2: Foul Ball, location: 2F
1-2: Ball
2-2: Fly out, F9 (Flyball, 89M)
Batting: RHB Jorge Salgado 0-0: Called Strike
0-1: Swinging Strike
0-2: Foul Ball, location: 2F
0-2: Foul Ball, location: 2F
0-2: Ball
1-2: DOUBLE (Groundball, 3L)
Batting: LHB Sisto Pagnamenta 0-0: Intentional Walk
Batting: RHB George St. Clair 0-0: Foul Ball, location: 2F
0-1: Ball
1-1: Ball
2-1: Swinging Strike
2-2: Strikes out swinging
Batting: RHB Luis Aragón 0-0: Ground out 5-3 (Groundball, 5)
Top of the 8th over - 0 run(s), 1 hit(s), 0 error(s), 2 left on base; Nebraska 6 - Galesburg 3
BOTTOM OF THE 8TH
Galesburg Guzzlers batting - Pitching for Nebraska Plainsmen : RHP Sam Groves
Now at 3B: Ángel Macías
Batting: RHB Bubba Blevins 0-0: Fly out, F8 (Flyball, 8LXD)
Batting: LHB John Ennis 0-0: Foul Ball, location: 2F
0-1: Called Strike
0-2: Ball
1-2: DOUBLE (Line Drive, 7LS)
Batting: RHB Gabrio Campoverde 0-0: Ball
1-0: Ball
2-0: Foul Ball, location: 2F
2-1: Foul Ball, location: 2F
2-2: Fly out, F7 (Flyball, 7M)
Batting: RHB Carlos Cardona 0-0: DOUBLE (Line Drive, 5D)
John Ennis scores
Batting: RHB José Díaz 0-0: Ground out 3-1 (Groundball, 34)
Bottom of the 8th over - 1 run(s), 2 hit(s), 0 error(s), 1 left on base; Nebraska 6 - Galesburg 4
TOP OF THE 9TH
Nebraska Plainsmen batting - Pitching for Galesburg Guzzlers : RHP Jim Unknown
Batting: RHB Bob Barlow 0-0: Ball
1-0: DOUBLE (Line Drive, 7M)
Batting: RHB Carl Wheezer 0-0: Ball
1-0: Called Strike
1-1: Called Strike
1-2: Fly out, F4 (Popup, 4D)
Batting: RHB Mike Taylor 0-0: Ball
1-0: Called Strike
1-1: Ball
2-1: Foul Ball, location: 2F
2-2: Foul Ball, location: 2F
2-2: Strikes out swinging
Batting: RHB Lorenzo Ruíz 0-0: Ball
1-0: Ball
2-0: Called Strike
2-1: Foul Ball, location: 2F
2-2: Ground out 6-3 (Groundball, 6)
Top of the 9th over - 0 run(s), 1 hit(s), 0 error(s), 1 left on base; Nebraska 6 - Galesburg 4
BOTTOM OF THE 9TH
Galesburg Guzzlers batting - Pitching for Nebraska Plainsmen : RHP Sam Groves
Pitching: RHP Tristan Young
Batting: RHB Roland Deschain 0-0: Called Strike
0-1: Foul Ball, location: 2F
0-2: Strikes out swinging
Batting: LHB Gabriel Díaz 0-0: Fly out, F6 (Popup, 6M)
Batting: RHB Grady Walkinshaw 0-0: Ball
1-0: Called Strike
1-1: Ball
2-1: Ball
3-1: Base on Balls
Batting: RHB Fernando Rivera 0-0: 2-RUN HOME RUN (Flyball, 9D), Distance : 350 ft
Batting: RHB Bubba Blevins 0-0: Ball
1-0: Called Strike
1-1: Called Strike
1-2: Ball
2-2: Ground out 6-3 (Groundball, 6M)
Bottom of the 9th over - 2 run(s), 1 hit(s), 0 error(s), 0 left on base; Nebraska 6 - Galesburg 6
TOP OF THE 10TH
Nebraska Plainsmen batting - Pitching for Galesburg Guzzlers : RHP Jim Unknown
Pitching: LHP Jim Unknown
Batting: RHB Levi Tess 0-0: Ball
1-0: Ball
2-0: Ball
3-0: Base on Balls
Batting: RHB Jorge Salgado 0-0: Called Strike
0-1: Sac Bunt - play at first, batter OUT! 1-4
Levi Tess to second
Batting: LHB Sisto Pagnamenta 0-0: Called Strike
0-1: Called Strike
0-2: Ball
1-2: Foul Ball, location: 2F
1-2: Ball
2-2: Strikes out swinging
Batting: RHB George St. Clair 0-0: Ball
1-0: Ball
2-0: Ball
3-0: Base on Balls
Pinch Hitting: LHB Alex Willis 0-0: Swinging Strike
0-1: SINGLE (Groundball, 5D)
Levi Tess to third
George St. Clair to second
Runner from 3rd tries for Home, SAFE, no throw or cutoff
Pitching: LHP Carlos Casas
Batting: RHB Bob Barlow 0-0: Ball
1-0: Swinging Strike
1-1: Ball
2-1: Foul Ball, location: 2F
2-2: Strikes out looking
Top of the 10th over - 1 run(s), 1 hit(s), 0 error(s), 2 left on base; Nebraska 7 - Galesburg 6
BOTTOM OF THE 10TH
Galesburg Guzzlers batting - Pitching for Nebraska Plainsmen : RHP Tristan Young
Now at SS: Bryce Honour
Batting: LHB John Ennis 0-0: Called Strike
0-1: Ball
1-1: Swinging Strike
1-2: Foul Ball, location: 2F
1-2: Strikes out looking
Batting: RHB Gabrio Campoverde 0-0: Ball
1-0: Ball
2-0: Ball
3-0: Foul Ball, location: 2F
3-1: Swinging Strike
3-2: Foul Ball, location: 2F
3-2: Strikes out swinging
Pinch Hitting: RHB Ty Struck 0-0: SINGLE (Groundball, 6M)
Pinch Hitting: LHB Guillermo Castro 0-0: Ball
1-0: Foul Ball, location: 2F
1-1: Swinging Strike
1-2: Ball
2-2: 2-RUN HOME RUN (Flyball, 9D), Distance : 351 ft
This league is powered by Out of the Park Baseball, the baseball management simulation game for PC, Mac and Linux
Monday, October 3rd, 2016 - OOTP Baseball 16.9 Build 39